[ AOE2 MATCH · #495359767 ]
UnrankedPoles vs Italians
[ REPLAY ANALYSIS · EXTRACTED FROM THE RECORDED GAME ]
Feudal
14:51
Castle
18:52
Imperial
—
| APM avg | 27.0 |
| APM peak | 77 |
| eAPM avg | 14.9 |
| Villagers / military | 81 / 57 |
Focus
⚔️ 30.5% · 🌾 69.5%
Obuch ×52 · Militia ×5
Feudal
14:01
Castle
19:17
Imperial
—
| APM avg | 31.1 |
| APM peak | 47 |
| eAPM avg | 11.1 |
| Villagers / military | 79 / 30 |
Focus
⚔️ 18.2% · 🌾 81.8%
Knight ×20 · Mangonel ×5 · Battering Ram ×5
Feudal
14:17
Castle
19:36
Imperial
—
| APM avg | 33.1 |
| APM peak | 82 |
| eAPM avg | 14.9 |
| Villagers / military | 78 / 49 |
Focus
⚔️ 27.5% · 🌾 72.5%
Genoese Crossbowman ×46 · Mangonel ×3
Feudal
13:45
Castle
18:45
Imperial
—
| APM avg | 27.6 |
| APM peak | 81 |
| eAPM avg | 11.4 |
| Villagers / military | 35 / 34 |
Focus
⚔️ 23.5% · 🌾 76.5%
Spearman ×15 · Scorpion ×9 · Battering Ram ×7 · Monk ×3
Feudal
13:56
Castle
22:13
Imperial
—
| APM avg | 32.7 |
| APM peak | 67 |
| eAPM avg | 15.9 |
| Villagers / military | 71 / 48 |
Focus
⚔️ 29.2% · 🌾 70.8%
Knight ×41 · Scout Cavalry ×5 · Battering Ram ×2
Feudal
14:05
Castle
18:09
Imperial
—
| APM avg | 37.2 |
| APM peak | 71 |
| eAPM avg | 16.6 |
| Villagers / military | 76 / 52 |
Focus
⚔️ 24.1% · 🌾 75.9%
Gbeto ×27 · Spearman ×25
Match map
Initial resources + every placement click. Lines = walls · curves = elevation contours. ◆ gold · ⬟ stone · ● berries · ✦ relic · ◌ wall gap
Your base· Open — unwalled flank
deju30's base· Open — unwalled flank
Jesus_was_black's base· Open — 1t gap
Woad Raider's base· Open — 11t gap
emN's base· Open — unwalled flank
MisterGabby's base· Open — unwalled flank
Smoothed initial terrain · ◌ = detected wall gap · hover for details
Inputs per minute
— [AJJRR] Minillop - - deju30
Build order — [AJJRR] Minillop
First 150 of 205 actions detected
| 0:22 | Build | Town Center |
| 1:12 | Build | House |
| 1:13 | Build | House |
| 2:24 | Create | Villager (Male) |
| 2:24 | Create | Villager (Male) |
| 2:24 | Create | Villager (Male) |
| 2:34 | Create | Villager (Male) |
| 3:26 | Create | Villager (Male) |
| 4:27 | Build | House |
| 5:07 | Research | Loom |
| 5:10 | Create | Villager (Male) |
| 5:11 | Create | Villager (Male) |
| 5:11 | Create | Villager (Male) |
| 5:32 | Create | Villager (Male) |
| 5:32 | Create | Villager (Male) |
| 5:32 | Create | Villager (Male) |
| 5:56 | Create | Villager (Male) |
| 5:56 | Create | Villager (Male) |
| 5:58 | Create | Villager (Male) |
| 6:11 | Create | Villager (Male) |
| 6:11 | Create | Villager (Male) |
| 7:20 | Build | Lumber Camp |
| 7:30 | Create | Villager (Male) |
| 7:31 | Create | Villager (Male) |
| 8:14 | Create | Villager (Male) |
| 8:15 | Create | Villager (Male) |
| 8:31 | Create | Villager (Male) |
| 8:47 | Build | House |
| 9:16 | Create | Villager (Male) |
| 9:17 | Create | Villager (Male) |
| 9:40 | Create | Villager (Male) |
| 9:40 | Create | Villager (Male) |
| 9:40 | Create | Villager (Male) |
| 10:08 | Create | Villager (Male) |
| 12:18 | Build | Mill |
| 12:41 | Research | Feudal Age |
| 13:12 | Build | Barracks |
| 13:47 | Build | Mining Camp |
| 13:59 | Build | House |
| 14:04 | Build | Palisade Wall |
| 14:10 | Create | Villager (Male) |
| 14:11 | Create | Villager (Male) |
| 14:51 | Age | Feudal Age |
| 14:51 | Create | Villager (Male) |
| 14:55 | Build | Market |
| 14:59 | Build | Palisade Wall |
| 15:10 | Build | Blacksmith |
| 16:12 | Research | Castle Age |
| 16:21 | Create | Villager (Male) |
| 16:37 | Research | Stone Mining |
| 17:05 | Research | Double-Bit Axe |
| 17:08 | Research | Horse Collar |
| 18:04 | Build | Farm |
| 18:04 | Build | Farm |
| 18:04 | Build | Farm |
| 18:05 | Build | Farm |
| 18:06 | Build | Farm |
| 18:37 | Research | Wheelbarrow |
| 18:52 | Age | Castle Age |
| 19:10 | Build | Castle |
| 19:27 | Build | Castle |
| 19:34 | Create | Villager (Male) |
| 19:34 | Create | Villager (Male) |
| 19:40 | Build | Town Center |
| 20:23 | Create | Militia |
| 20:24 | Create | Militia |
| 21:24 | Create | Militia |
| 21:24 | Create | Militia |
| 21:24 | Create | Militia |
| 21:35 | Research | Man-at-Arms (upgrade) |
| 22:03 | Create | Villager (Male) |
| 22:03 | Create | Villager (Male) |
| 22:05 | Create | Villager (Male) |
| 22:05 | Create | Villager (Male) |
| 22:16 | Build | Mining Camp |
| 22:38 | Create | Villager (Male) |
| 23:10 | Build | Mining Camp |
| 23:14 | Create | Villager (Male) |
| 23:14 | Create | Villager (Male) |
| 23:20 | Create | Obuch |
| 23:20 | Create | Obuch |
| 23:20 | Create | Obuch |
| 23:44 | Create | Obuch |
| 23:44 | Create | Obuch |
| 23:53 | Build | House |
| 23:54 | Build | House |
| 23:56 | Build | House |
| 24:06 | Create | Obuch |
| 24:07 | Create | Obuch |
| 24:07 | Create | Obuch |
| 24:46 | Create | Obuch |
| 25:09 | Create | Obuch |
| 25:09 | Create | Obuch |
| 25:58 | Create | Obuch |
| 26:06 | Create | Villager (Male) |
| 26:06 | Create | Villager (Male) |
| 26:17 | Create | Villager (Male) |
| 26:17 | Create | Villager (Male) |
| 26:17 | Create | Villager (Male) |
| 26:21 | Build | Mill |
| 26:22 | Build | Farm |
| 26:23 | Build | Farm |
| 26:23 | Build | Farm |
| 26:23 | Build | Farm |
| 26:23 | Build | Farm |
| 26:24 | Build | Farm |
| 26:24 | Build | Farm |
| 26:38 | Build | Farm |
| 26:40 | Research | Heavy Plow |
| 26:50 | Create | Obuch |
| 27:27 | Create | Obuch |
| 27:27 | Create | Obuch |
| 27:27 | Create | Obuch |
| 27:28 | Create | Obuch |
| 27:28 | Create | Obuch |
| 27:28 | Create | Obuch |
| 27:28 | Create | Obuch |
| 27:37 | Build | House |
| 27:38 | Build | House |
| 27:40 | Build | House |
| 27:44 | Create | Villager (Male) |
| 27:58 | Build | Town Center |
| 28:04 | Create | Villager (Male) |
| 28:04 | Create | Villager (Male) |
| 28:23 | Research | Forging |
| 28:46 | Create | Obuch |
| 28:47 | Create | Obuch |
| 28:47 | Create | Obuch |
| 28:56 | Build | House |
| 28:56 | Build | House |
| 28:58 | Build | House |
| 28:58 | Build | House |
| 29:01 | Create | Obuch |
| 29:09 | Create | Villager (Male) |
| 29:17 | Create | Villager (Male) ×5 |
| 29:17 | Create | Villager (Male) ×5 |
| 30:01 | Build | Castle |
| 30:15 | Create | Obuch |
| 30:15 | Create | Obuch |
| 30:15 | Create | Obuch |
| 31:02 | Build | Mill |
| 31:03 | Build | Farm |
| 31:03 | Build | Farm |
| 31:03 | Build | Farm |
| 31:04 | Build | Farm |
| 31:04 | Build | Farm |
| 31:04 | Build | Farm |
| 31:04 | Build | Farm |
| 31:05 | Build | Farm |
| 31:47 | Research | Scale Mail Armor |
Build order — deju30
First 150 of 173 actions detected
| 1:47 | Build | Town Center |
| 3:31 | Create | Villager (Male) |
| 3:31 | Create | Villager (Male) |
| 3:31 | Create | Villager (Male) |
| 3:40 | Create | Villager (Male) |
| 4:38 | Create | Villager (Male) |
| 5:25 | Research | Loom |
| 5:32 | Create | Villager (Male) |
| 6:00 | Create | Villager (Male) |
| 6:07 | Research | Loom |
| 6:36 | Create | Villager (Male) |
| 6:37 | Create | Villager (Male) |
| 6:52 | Create | Villager (Male) |
| 7:16 | Create | Villager (Male) |
| 7:34 | Build | Lumber Camp |
| 7:57 | Create | Villager (Male) |
| 8:47 | Create | Villager (Male) |
| 8:47 | Create | Villager (Male) |
| 8:48 | Create | Villager (Male) |
| 9:07 | Create | Villager (Male) |
| 9:15 | Create | Villager (Male) |
| 9:20 | Create | Villager (Male) |
| 9:25 | Create | Villager (Male) |
| 10:12 | Create | Villager (Male) |
| 10:41 | Build | Mining Camp |
| 11:20 | Create | Villager (Male) |
| 11:38 | Create | Villager (Male) |
| 11:50 | Research | Feudal Age |
| 13:17 | Build | Barracks |
| 13:56 | Create | Villager (Male) |
| 13:59 | Create | Villager (Male) |
| 14:01 | Age | Feudal Age |
| 14:24 | Build | Stable |
| 14:47 | Create | Villager (Male) |
| 15:10 | Build | Blacksmith |
| 15:18 | Create | Villager (Male) |
| 15:32 | Create | Villager (Male) |
| 15:46 | Build | Stable |
| 16:04 | Create | Villager (Male) |
| 16:37 | Research | Castle Age |
| 17:05 | Research | Bloodlines |
| 17:29 | Research | Scale Barding Armor |
| 17:45 | Build | Mill |
| 18:52 | Create | Villager (Male) |
| 19:17 | Age | Castle Age |
| 19:17 | Create | Knight |
| 19:18 | Create | Knight |
| 19:32 | Build | Siege Workshop |
| 19:43 | Create | Knight |
| 19:56 | Create | Knight |
| 19:59 | Create | Villager (Male) |
| 20:02 | Create | Knight |
| 20:04 | Create | Knight |
| 20:23 | Create | Villager (Male) |
| 20:25 | Create | Battering Ram |
| 21:13 | Create | Battering Ram |
| 21:18 | Create | Villager (Male) |
| 21:20 | Create | Knight |
| 21:39 | Create | Battering Ram |
| 22:06 | Create | Villager (Male) |
| 22:07 | Create | Knight |
| 22:20 | Create | Knight |
| 22:22 | Create | Villager (Male) |
| 22:45 | Create | Battering Ram |
| 23:09 | Create | Villager (Male) |
| 23:11 | Create | Knight |
| 23:15 | Create | Villager (Male) |
| 23:41 | Create | Battering Ram |
| 23:45 | Create | Knight |
| 23:50 | Create | Knight |
| 24:17 | Create | Villager (Male) |
| 24:17 | Create | Villager (Male) |
| 24:22 | Build | Lumber Camp |
| 24:27 | Create | Villager (Male) |
| 24:55 | Create | Knight |
| 24:55 | Create | Knight |
| 25:10 | Create | Villager (Male) |
| 25:25 | Build | Mill |
| 26:30 | Create | Knight |
| 26:31 | Create | Knight |
| 26:56 | Create | Villager (Male) |
| 26:56 | Create | Villager (Male) |
| 27:01 | Build | Town Center |
| 28:21 | Create | Villager (Male) |
| 28:21 | Create | Villager (Male) |
| 28:24 | Create | Villager (Male) |
| 28:31 | Build | Town Center |
| 29:12 | Create | Villager (Male) |
| 29:12 | Create | Villager (Male) |
| 29:14 | Build | Farm |
| 29:15 | Build | Farm |
| 29:16 | Build | Farm |
| 29:16 | Build | Farm |
| 29:20 | Create | Villager (Male) |
| 29:57 | Create | Villager (Male) |
| 30:14 | Create | Villager (Male) |
| 30:14 | Create | Villager (Male) |
| 30:16 | Create | Villager (Male) |
| 30:16 | Create | Villager (Male) |
| 30:18 | Build | Farm |
| 30:19 | Build | Farm |
| 30:20 | Build | Farm |
| 30:21 | Build | Farm |
| 30:21 | Build | Farm |
| 30:23 | Build | Farm |
| 30:24 | Build | Farm |
| 30:25 | Build | Farm |
| 30:31 | Create | Villager (Male) |
| 30:31 | Create | Villager (Male) |
| 30:32 | Create | Villager (Male) |
| 31:00 | Research | Horse Collar |
| 31:02 | Create | Villager (Male) |
| 31:02 | Create | Villager (Male) |
| 31:05 | Build | Farm |
| 31:06 | Build | Farm |
| 31:07 | Build | Farm |
| 31:11 | Build | Farm |
| 31:12 | Build | Farm |
| 31:13 | Build | Farm |
| 31:14 | Build | Farm |
| 31:17 | Create | Villager (Male) |
| 31:32 | Create | Villager (Male) |
| 31:33 | Create | Villager (Male) |
| 31:49 | Create | Villager (Male) |
| 32:01 | Build | Farm |
| 32:02 | Build | Farm |
| 32:02 | Build | Farm |
| 32:06 | Research | Double-Bit Axe |
| 32:18 | Create | Mangonel |
| 33:07 | Build | Siege Workshop |
| 33:18 | Build | Siege Workshop |
| 33:49 | Create | Mangonel |
| 33:51 | Create | Mangonel |
| 34:00 | Create | Mangonel |
| 34:03 | Create | Mangonel |
| 34:08 | Create | Villager (Male) |
| 34:08 | Create | Villager (Male) |
| 34:11 | Research | Wheelbarrow |
| 34:12 | Create | Knight |
| 34:12 | Create | Knight |
| 34:13 | Create | Knight |
| 34:14 | Create | Knight |
| 34:26 | Create | Villager (Male) |
| 34:26 | Create | Villager (Male) |
| 34:52 | Create | Villager (Male) |
| 34:53 | Create | Villager (Male) |
| 35:53 | Create | Villager (Male) |
| 35:53 | Create | Villager (Male) |
| 35:58 | Create | Villager (Male) |
| 35:58 | Create | Villager (Male) |
Build order — Jesus_was_black
First 150 of 204 actions detected
| 0:11 | Build | Town Center |
| 1:31 | Build | House |
| 1:31 | Build | House |
| 2:32 | Create | Villager (Male) ×4 |
| 2:33 | Research | Loom |
| 3:48 | Create | Villager (Male) |
| 4:32 | Create | Villager (Male) ×2 |
| 4:32 | Create | Villager (Male) ×2 |
| 5:35 | Build | Lumber Camp |
| 5:47 | Create | Villager (Male) ×4 |
| 5:47 | Create | Villager (Male) ×4 |
| 6:23 | Create | Villager (Male) |
| 6:23 | Create | Villager (Male) |
| 7:04 | Create | Villager (Male) ×2 |
| 7:04 | Create | Villager (Male) ×2 |
| 7:17 | Build | House |
| 7:18 | Build | House |
| 7:41 | Create | Villager (Male) |
| 7:41 | Create | Villager (Male) |
| 8:07 | Create | Villager (Male) |
| 8:17 | Build | House |
| 8:18 | Build | House |
| 8:40 | Build | Mill |
| 8:43 | Create | Villager (Male) ×2 |
| 9:19 | Create | Villager (Male) |
| 9:27 | Build | House |
| 9:28 | Build | House |
| 9:29 | Build | House |
| 10:09 | Create | Villager (Male) |
| 10:33 | Build | Palisade Gate |
| 11:10 | Build | Palisade Wall |
| 11:15 | Create | Villager (Male) |
| 11:25 | Build | Mining Camp |
| 12:01 | Research | Feudal Age |
| 12:16 | Build | Barracks |
| 13:14 | Build | House |
| 13:15 | Build | House |
| 13:16 | Build | House |
| 13:18 | Build | House |
| 13:19 | Build | House |
| 13:37 | Build | Palisade Gate |
| 13:47 | Build | House |
| 13:51 | Build | Palisade Wall |
| 13:56 | Build | Palisade Wall |
| 14:07 | Create | Villager (Male) |
| 14:08 | Create | Villager (Male) |
| 14:08 | Create | Villager (Male) |
| 14:17 | Age | Feudal Age |
| 14:33 | Build | Stone Wall |
| 14:36 | Create | Villager (Male) |
| 14:49 | Build | Stone Wall |
| 14:50 | Build | Stone Wall |
| 14:56 | Build | Stone Wall |
| 14:57 | Build | Stone Wall |
| 15:30 | Build | Gate |
| 15:37 | Build | Stone Wall |
| 15:41 | Create | Villager (Male) |
| 15:41 | Create | Villager (Male) |
| 15:55 | Build | Stone Wall |
| 16:01 | Build | Market |
| 16:07 | Build | Blacksmith |
| 16:40 | Build | Stone Wall |
| 16:56 | Research | Castle Age |
| 17:36 | Build | Gate |
| 17:40 | Research | Double-Bit Axe |
| 18:09 | Build | Mill |
| 18:38 | Build | Stone Wall |
| 18:52 | Research | Horse Collar |
| 19:17 | Build | Gate |
| 19:24 | Build | Stone Wall |
| 19:26 | Build | Stone Wall |
| 19:31 | Build | Stone Wall |
| 19:36 | Age | Castle Age |
| 19:44 | Build | Town Center |
| 19:47 | Research | Bow Saw |
| 19:53 | Create | Villager (Male) |
| 19:53 | Create | Villager (Male) |
| 19:54 | Create | Villager (Male) |
| 19:59 | Create | Villager (Male) |
| 20:09 | Build | Mining Camp |
| 20:31 | Create | Villager (Male) |
| 20:31 | Create | Villager (Male) |
| 21:02 | Build | Farm |
| 21:11 | Build | Stone Wall |
| 21:26 | Build | House |
| 21:31 | Build | Stone Wall |
| 21:33 | Build | Stone Wall |
| 21:35 | Build | Stone Wall |
| 22:00 | Build | Siege Workshop |
| 22:33 | Build | Castle |
| 22:51 | Build | Blacksmith |
| 23:01 | Create | Villager (Male) |
| 23:01 | Create | Villager (Male) |
| 23:02 | Create | Villager (Male) |
| 23:02 | Create | Villager (Male) |
| 23:08 | Create | Mangonel |
| 23:19 | Build | Stone Wall |
| 23:37 | Create | Genoese Crossbowman |
| 23:38 | Create | Genoese Crossbowman |
| 24:16 | Build | Town Center |
| 24:57 | Build | Stone Wall |
| 24:59 | Build | Stone Wall |
| 25:02 | Build | Stone Wall |
| 25:24 | Build | Mining Camp |
| 25:28 | Create | Genoese Crossbowman |
| 25:35 | Create | Villager (Male) |
| 25:35 | Create | Villager (Male) |
| 26:12 | Create | Genoese Crossbowman |
| 26:21 | Build | Farm |
| 26:21 | Build | Farm |
| 26:22 | Build | Farm |
| 26:23 | Build | Farm |
| 26:31 | Build | Farm |
| 26:32 | Build | Farm |
| 26:33 | Build | Farm |
| 26:34 | Build | Farm |
| 26:35 | Build | Farm |
| 26:48 | Build | Farm |
| 26:49 | Build | Farm |
| 26:50 | Build | Farm |
| 26:51 | Build | Farm |
| 26:52 | Build | Farm |
| 27:53 | Research | Fletching |
| 27:56 | Create | Villager (Male) |
| 27:57 | Create | Villager (Male) |
| 28:02 | Create | Villager (Male) |
| 28:25 | Create | Genoese Crossbowman |
| 28:25 | Create | Genoese Crossbowman |
| 28:26 | Create | Genoese Crossbowman |
| 28:26 | Create | Genoese Crossbowman |
| 28:26 | Create | Genoese Crossbowman |
| 28:33 | Build | Farm |
| 28:45 | Research | Bodkin Arrow |
| 29:29 | Research | Padded Archer Armor |
| 29:36 | Build | University |
| 29:39 | Create | Villager (Male) |
| 29:40 | Create | Villager (Male) |
| 29:40 | Create | Villager (Male) |
| 29:40 | Create | Villager (Male) |
| 30:02 | Create | Genoese Crossbowman |
| 30:02 | Create | Genoese Crossbowman |
| 30:03 | Create | Genoese Crossbowman |
| 30:03 | Create | Genoese Crossbowman |
| 30:03 | Create | Genoese Crossbowman |
| 30:04 | Create | Genoese Crossbowman |
| 30:09 | Create | Genoese Crossbowman |
| 30:09 | Create | Genoese Crossbowman |
| 30:17 | Build | Lumber Camp |
| 30:20 | Create | Villager (Male) |
| 30:24 | Create | Villager (Male) |
Build order — Woad Raider
115 actions detected in the replay
| 0:21 | Build | Town Center |
| 2:50 | Create | Villager (Male) |
| 2:50 | Create | Villager (Male) |
| 2:51 | Create | Villager (Male) |
| 2:51 | Create | Villager (Male) |
| 2:51 | Create | Villager (Male) |
| 2:53 | Build | House |
| 2:55 | Build | House |
| 4:07 | Create | Villager (Male) |
| 4:33 | Create | Villager (Male) |
| 4:34 | Create | Villager (Male) |
| 4:50 | Create | Villager (Male) |
| 4:50 | Create | Villager (Male) |
| 5:02 | Create | Villager (Male) |
| 5:02 | Create | Villager (Male) |
| 5:23 | Build | Lumber Camp |
| 5:24 | Create | Villager (Male) |
| 5:24 | Create | Villager (Male) |
| 5:54 | Create | Villager (Male) |
| 6:13 | Create | Villager (Male) |
| 6:29 | Build | House |
| 6:30 | Build | House |
| 6:36 | Create | Villager (Male) |
| 6:52 | Research | Loom |
| 6:53 | Create | Villager (Male) |
| 7:24 | Create | Villager (Male) |
| 8:02 | Create | Villager (Male) |
| 8:34 | Create | Villager (Male) |
| 8:34 | Create | Villager (Male) |
| 9:17 | Create | Villager (Male) |
| 9:55 | Create | Villager (Male) |
| 10:19 | Create | Villager (Male) |
| 10:40 | Create | Villager (Male) |
| 11:00 | Build | Mining Camp |
| 11:03 | Create | Villager (Male) |
| 11:34 | Research | Feudal Age |
| 11:52 | Build | Barracks |
| 12:19 | Build | House |
| 12:21 | Build | House |
| 12:22 | Build | House |
| 12:38 | Build | Mill |
| 13:22 | Create | Villager (Male) |
| 13:45 | Age | Feudal Age |
| 13:56 | Build | Market |
| 14:02 | Create | Villager (Male) |
| 14:09 | Create | Spearman |
| 14:31 | Build | Blacksmith |
| 14:50 | Create | Villager (Male) |
| 14:50 | Create | Villager (Male) |
| 15:29 | Create | Villager (Male) |
| 15:54 | Research | Castle Age |
| 17:55 | Create | Spearman |
| 17:56 | Create | Spearman |
| 17:56 | Create | Spearman |
| 17:57 | Create | Spearman |
| 17:57 | Create | Spearman |
| 17:59 | Create | Spearman |
| 18:45 | Age | Castle Age |
| 18:53 | Build | Siege Workshop |
| 18:55 | Build | Siege Workshop |
| 19:27 | Create | Scorpion |
| 19:27 | Create | Scorpion |
| 19:40 | Create | Villager (Male) |
| 19:44 | Build | Monastery |
| 19:48 | Research | Wheelbarrow |
| 19:53 | Create | Battering Ram |
| 19:53 | Create | Battering Ram |
| 19:58 | Create | Scorpion |
| 21:28 | Create | Scorpion |
| 21:37 | Create | Scorpion |
| 21:46 | Research | Hand Cart |
| 21:47 | Create | Villager (Male) |
| 21:47 | Create | Villager (Male) |
| 22:00 | Create | Scorpion |
| 22:01 | Create | Battering Ram |
| 22:11 | Create | Battering Ram |
| 22:33 | Create | Battering Ram |
| 22:42 | Build | House |
| 22:43 | Build | House |
| 22:44 | Build | House |
| 22:55 | Create | Monk |
| 22:55 | Create | Monk |
| 23:51 | Create | Scorpion |
| 24:01 | Create | Monk |
| 24:11 | Build | House |
| 24:14 | Build | House |
| 24:15 | Build | House |
| 24:47 | Create | Battering Ram |
| 25:13 | Create | Scorpion |
| 25:38 | Create | Scorpion |
| 25:44 | Create | Battering Ram |
| 26:44 | Build | House |
| 26:46 | Build | House |
| 26:46 | Build | House |
| 26:51 | Research | Pikeman (upgrade) |
| 26:51 | Create | Spearman |
| 26:52 | Create | Spearman |
| 26:52 | Create | Spearman |
| 26:52 | Create | Spearman |
| 26:53 | Create | Spearman |
| 26:53 | Create | Spearman |
| 26:53 | Create | Spearman |
| 26:54 | Create | Spearman |
| 27:52 | Build | Mining Camp |
| 29:42 | Build | Town Center |
| 31:32 | Build | Farm |
| 31:34 | Build | Farm |
| 31:36 | Build | Farm |
| 31:37 | Build | Farm |
| 32:14 | Build | Farm |
| 32:16 | Build | Farm |
| 32:19 | Build | Farm |
| 32:20 | Build | Farm |
| 32:25 | Build | Farm |
| 32:30 | Build | Farm |
Build order — emN
First 150 of 236 actions detected
| 0:47 | Build | Town Center |
| 2:05 | Build | House |
| 3:05 | Create | Villager (Male) |
| 3:06 | Create | Villager (Male) |
| 3:06 | Create | Villager (Male) |
| 3:06 | Create | Villager (Male) |
| 3:18 | Build | House |
| 4:12 | Create | Villager (Male) |
| 4:57 | Create | Villager (Male) |
| 5:03 | Build | Lumber Camp |
| 5:34 | Create | Villager (Male) |
| 5:54 | Create | Villager (Male) |
| 6:16 | Create | Villager (Male) |
| 6:16 | Create | Villager (Male) |
| 6:44 | Create | Villager (Male) |
| 6:44 | Create | Villager (Male) |
| 7:33 | Build | House |
| 7:36 | Create | Villager (Male) |
| 7:36 | Create | Villager (Male) |
| 7:37 | Create | Villager (Male) |
| 7:38 | Create | Villager (Male) |
| 7:44 | Build | Mill |
| 7:55 | Research | Loom |
| 7:56 | Create | Villager (Male) |
| 7:56 | Create | Villager (Male) |
| 7:56 | Create | Villager (Male) |
| 8:44 | Create | Villager (Male) |
| 9:05 | Create | Villager (Male) |
| 9:11 | Build | House |
| 9:12 | Build | House |
| 9:32 | Build | Palisade Wall |
| 9:35 | Build | Palisade Wall |
| 10:03 | Create | Villager (Male) |
| 10:10 | Create | Villager (Male) |
| 10:50 | Create | Villager (Male) |
| 10:51 | Research | Double-Bit Axe |
| 11:33 | Build | Barracks |
| 11:41 | Research | Feudal Age |
| 12:21 | Build | House |
| 12:22 | Build | House |
| 12:24 | Build | Palisade Wall |
| 12:48 | Create | Villager (Male) |
| 12:48 | Create | Villager (Male) |
| 13:19 | Build | Mining Camp |
| 13:56 | Age | Feudal Age |
| 14:02 | Build | Stable |
| 14:19 | Create | Villager (Male) |
| 14:19 | Create | Villager (Male) |
| 14:42 | Research | Horse Collar |
| 14:57 | Build | Farm |
| 15:04 | Create | Scout Cavalry |
| 15:04 | Create | Scout Cavalry |
| 15:05 | Create | Scout Cavalry |
| 15:09 | Create | Villager (Male) |
| 15:21 | Build | House |
| 15:23 | Build | Palisade Wall |
| 15:51 | Create | Villager (Male) |
| 15:58 | Build | Farm |
| 15:59 | Build | Farm |
| 16:02 | Research | Bow Saw |
| 16:05 | Create | Villager (Male) |
| 16:06 | Create | Villager (Male) |
| 16:15 | Create | Scout Cavalry |
| 16:16 | Create | Scout Cavalry |
| 16:18 | Build | House |
| 16:54 | Build | Farm |
| 16:56 | Build | Blacksmith |
| 17:23 | Create | Villager (Male) |
| 17:25 | Build | Farm |
| 17:32 | Build | House |
| 17:38 | Build | Palisade Wall |
| 17:40 | Build | Palisade Wall |
| 17:43 | Build | Palisade Gate |
| 17:58 | Create | Villager (Male) |
| 17:59 | Create | Villager (Male) |
| 18:02 | Build | Farm |
| 18:12 | Build | Market |
| 18:16 | Build | Palisade Wall |
| 18:26 | Build | Farm |
| 19:00 | Build | Farm |
| 19:01 | Create | Villager (Male) |
| 19:21 | Build | Palisade Wall |
| 19:24 | Build | Palisade Wall |
| 19:31 | Build | Palisade Wall |
| 19:33 | Research | Castle Age |
| 19:47 | Build | Farm |
| 19:50 | Build | Stable |
| 20:45 | Build | Palisade Gate |
| 20:56 | Research | Gold Mining |
| 20:58 | Create | Villager (Male) |
| 20:58 | Create | Villager (Male) |
| 21:21 | Build | House |
| 21:24 | Build | Palisade Wall |
| 21:30 | Research | Scale Barding Armor |
| 22:02 | Build | Stable |
| 22:09 | Build | Farm |
| 22:12 | Build | Farm |
| 22:13 | Age | Castle Age |
| 22:13 | Build | Farm |
| 22:15 | Create | Knight |
| 22:15 | Create | Knight |
| 22:30 | Research | Fletching |
| 22:48 | Create | Knight |
| 22:48 | Create | Knight |
| 23:17 | Create | Knight |
| 23:17 | Create | Knight |
| 23:36 | Build | Farm |
| 23:40 | Build | Farm |
| 24:01 | Build | Town Center |
| 24:07 | Research | Wheelbarrow |
| 24:07 | Research | Wheelbarrow |
| 24:18 | Research | Chain Barding Armor |
| 24:18 | Research | Chain Barding Armor |
| 24:47 | Create | Knight |
| 25:06 | Build | Farm |
| 25:06 | Build | Farm |
| 25:07 | Build | Farm |
| 25:07 | Build | Farm |
| 25:07 | Build | Farm |
| 25:08 | Build | Farm |
| 25:09 | Build | Farm |
| 25:23 | Create | Villager (Male) |
| 25:23 | Create | Villager (Male) |
| 25:42 | Create | Knight |
| 25:43 | Create | Knight |
| 25:43 | Create | Knight |
| 25:54 | Create | Villager (Male) |
| 26:07 | Build | House |
| 26:20 | Build | Lumber Camp |
| 26:28 | Create | Knight |
| 26:39 | Create | Knight |
| 26:39 | Create | Knight |
| 26:46 | Build | Farm |
| 26:46 | Build | Farm |
| 26:47 | Build | Farm |
| 26:52 | Create | Knight |
| 27:01 | Build | House |
| 27:06 | Create | Villager (Male) |
| 27:07 | Create | Villager (Male) |
| 27:07 | Create | Villager (Male) |
| 27:26 | Build | House |
| 27:38 | Research | Cavalier (upgrade) |
| 27:38 | Research | Cavalier (upgrade) |
| 27:44 | Build | Stable |
| 27:52 | Create | Knight |
| 27:59 | Build | House |
| 28:00 | Build | House |
| 28:01 | Build | House |
| 28:13 | Create | Villager (Male) |
| 28:13 | Create | Villager (Male) |
Build order — MisterGabby
First 150 of 189 actions detected
| 0:27 | Build | Town Center |
| 2:31 | Build | House |
| 2:44 | Create | Villager (Male) |
| 2:44 | Create | Villager (Male) |
| 2:45 | Create | Villager (Male) |
| 2:56 | Create | Villager (Male) |
| 2:56 | Create | Villager (Male) |
| 3:14 | Build | House |
| 3:39 | Build | House |
| 4:05 | Create | Villager (Male) |
| 4:05 | Create | Villager (Male) |
| 4:29 | Create | Villager (Male) |
| 4:29 | Create | Villager (Male) |
| 4:52 | Create | Villager (Male) |
| 5:33 | Create | Villager (Male) |
| 5:33 | Create | Villager (Male) |
| 5:41 | Research | Loom |
| 6:16 | Create | Villager (Male) |
| 6:31 | Create | Villager (Male) |
| 6:32 | Create | Villager (Male) |
| 7:38 | Create | Villager (Male) |
| 7:39 | Create | Villager (Male) |
| 8:08 | Build | Lumber Camp |
| 8:17 | Create | Villager (Male) |
| 8:41 | Build | House |
| 8:44 | Create | Villager (Male) |
| 9:12 | Create | Villager (Male) |
| 9:35 | Create | Villager (Male) |
| 10:13 | Create | Villager (Male) |
| 10:19 | Build | Mining Camp |
| 10:39 | Create | Villager (Male) |
| 10:58 | Create | Villager (Male) |
| 11:21 | Create | Villager (Male) |
| 11:41 | Research | Feudal Age |
| 12:46 | Build | House |
| 12:47 | Build | House |
| 13:26 | Build | Mill |
| 13:46 | Build | Palisade Gate |
| 13:48 | Create | Villager (Male) |
| 14:05 | Age | Feudal Age |
| 14:11 | Build | Blacksmith |
| 14:24 | Create | Villager (Male) |
| 14:49 | Build | Market |
| 14:54 | Create | Villager (Male) |
| 15:15 | Build | House |
| 15:29 | Research | Castle Age |
| 16:47 | Research | Double-Bit Axe |
| 17:26 | Build | Gate |
| 17:49 | Build | House |
| 17:50 | Build | House |
| 18:07 | Create | Villager (Male) |
| 18:09 | Age | Castle Age |
| 18:20 | Build | Castle |
| 18:26 | Create | Villager (Male) |
| 18:54 | Build | House |
| 19:01 | Build | House |
| 19:04 | Create | Villager (Male) |
| 19:24 | Create | Villager (Male) |
| 19:31 | Build | Mill |
| 19:37 | Create | Gbeto |
| 19:37 | Create | Gbeto |
| 19:43 | Create | Gbeto |
| 19:43 | Create | Gbeto |
| 19:47 | Create | Villager (Male) |
| 19:47 | Create | Villager (Male) |
| 20:13 | Build | Town Center |
| 20:27 | Build | Farm |
| 20:27 | Build | Farm |
| 20:57 | Create | Gbeto |
| 21:06 | Create | Gbeto |
| 21:21 | Create | Gbeto |
| 21:22 | Create | Gbeto |
| 21:29 | Build | Farm |
| 21:29 | Build | Farm |
| 21:30 | Build | Farm |
| 21:30 | Build | Farm |
| 21:34 | Build | Farm |
| 21:35 | Build | Farm |
| 21:38 | Research | Horse Collar |
| 21:47 | Create | Villager (Male) |
| 21:59 | Build | Farm |
| 22:07 | Create | Gbeto |
| 22:10 | Create | Villager (Male) |
| 22:10 | Create | Villager (Male) |
| 22:29 | Create | Villager (Male) |
| 22:29 | Create | Villager (Male) |
| 22:52 | Create | Villager (Male) |
| 22:52 | Create | Villager (Male) |
| 22:57 | Create | Villager (Male) |
| 22:57 | Create | Villager (Male) |
| 23:01 | Create | Gbeto |
| 23:01 | Create | Gbeto |
| 23:35 | Create | Gbeto |
| 23:35 | Create | Gbeto |
| 23:41 | Create | Villager (Male) |
| 23:41 | Create | Villager (Male) |
| 24:14 | Create | Villager (Male) |
| 24:15 | Create | Villager (Male) |
| 24:18 | Create | Gbeto |
| 24:18 | Create | Gbeto |
| 24:22 | Create | Villager (Male) |
| 24:22 | Create | Villager (Male) |
| 24:38 | Create | Gbeto |
| 24:38 | Create | Gbeto |
| 24:53 | Create | Villager (Male) |
| 24:53 | Create | Villager (Male) |
| 24:58 | Build | Town Center |
| 25:14 | Create | Gbeto |
| 25:14 | Create | Gbeto |
| 25:19 | Create | Villager (Male) |
| 25:19 | Create | Villager (Male) |
| 25:23 | Build | Farm |
| 25:24 | Build | Farm |
| 25:43 | Create | Villager (Male) |
| 25:43 | Create | Villager (Male) |
| 26:08 | Create | Villager (Male) |
| 26:08 | Create | Villager (Male) |
| 26:08 | Create | Villager (Male) |
| 26:25 | Create | Gbeto |
| 26:25 | Create | Gbeto |
| 26:34 | Research | Scale Mail Armor |
| 26:42 | Create | Villager (Male) |
| 26:42 | Create | Villager (Male) |
| 26:57 | Create | Gbeto |
| 26:57 | Create | Gbeto |
| 27:03 | Build | Farm |
| 27:23 | Create | Gbeto |
| 27:23 | Create | Gbeto |
| 27:43 | Create | Villager (Male) |
| 27:50 | Create | Villager (Male) |
| 27:50 | Create | Villager (Male) |
| 28:11 | Create | Villager (Male) |
| 28:11 | Create | Villager (Male) |
| 28:17 | Create | Villager (Male) |
| 29:03 | Build | Barracks |
| 29:04 | Build | Barracks |
| 29:16 | Build | Farm |
| 29:16 | Build | Farm |
| 29:17 | Build | Farm |
| 29:17 | Build | Farm |
| 29:20 | Build | Farm |
| 29:22 | Create | Villager (Male) |
| 29:22 | Create | Villager (Male) |
| 29:27 | Build | Mill |
| 29:28 | Build | Farm |
| 29:29 | Build | Farm |
| 29:29 | Build | Farm |
| 29:29 | Build | Farm |
| 29:30 | Build | Farm |
| 29:33 | Build | House |
Match timeline
| 9:32 | emN · wall_segment Palisade Wall x1 |
| 9:35 | emN · wall_segment Palisade Wall x1 |
| 11:10 | Jesus_was_black · wall_segment Palisade Wall x6 |
| 11:33 | emN · first_building Barracks |
| 11:52 | Woad Raider · first_building Barracks |
| 12:16 | Jesus_was_black · first_building Barracks |
| 12:24 | emN · wall_segment Palisade Wall x2 |
| 13:12 | [AJJRR] Minillop · first_building Barracks |
| 13:17 | deju30 · first_building Barracks |
| 13:45 | Woad Raider · age_up feudal |
| 13:51 | Jesus_was_black · wall_segment Palisade Wall x4 |
| 13:56 | emN · age_up feudal |
| 13:56 | Jesus_was_black · wall_segment Palisade Wall x1 |
| 14:01 | deju30 · age_up feudal |
| 14:02 | emN · first_building Stable |
| 14:04 | [AJJRR] Minillop · wall_segment Palisade Wall x8 |
| 14:05 | MisterGabby · age_up feudal |
| 14:17 | Jesus_was_black · age_up feudal |
| 14:24 | deju30 · first_building Stable |
| 14:33 | Jesus_was_black · wall_segment Stone Wall x4 |
| 14:49 | Jesus_was_black · wall_segment Stone Wall x6 |
| 14:50 | Jesus_was_black · wall_segment Stone Wall x1 |
| 14:51 | [AJJRR] Minillop · age_up feudal |
| 14:56 | Jesus_was_black · wall_segment Stone Wall x1 |
| 14:57 | Jesus_was_black · wall_segment Stone Wall x1 |
| 14:59 | [AJJRR] Minillop · wall_segment Palisade Wall x1 |
| 15:23 | emN · wall_segment Palisade Wall x4 |
| 15:37 | Jesus_was_black · wall_segment Stone Wall x1 |
| 15:55 | Jesus_was_black · wall_segment Stone Wall x4 |
| 16:11 | [AJJRR] Minillop · first_market_sell 100 stone |
| 16:40 | Jesus_was_black · wall_segment Stone Wall x2 |
| 16:54 | Jesus_was_black · first_market_sell 100 food |
| 17:38 | emN · wall_segment Palisade Wall x5 |
| 17:40 | emN · wall_segment Palisade Wall x2 |
| 18:09 | MisterGabby · age_up castle |
| 18:16 | emN · wall_segment Palisade Wall x2 |
| 18:20 | MisterGabby · first_building Castle |
| 18:38 | Jesus_was_black · wall_segment Stone Wall x6 |
| 18:45 | Woad Raider · age_up castle |
| 18:52 | [AJJRR] Minillop · age_up castle |
| 18:53 | Woad Raider · first_building Siege Workshop |
| 19:10 | [AJJRR] Minillop · first_building Castle |
| 19:17 | deju30 · age_up castle |
| 19:21 | emN · wall_segment Palisade Wall x6 |
| 19:24 | emN · wall_segment Palisade Wall x4 |
| 19:24 | Jesus_was_black · wall_segment Stone Wall x1 |
| 19:26 | Jesus_was_black · wall_segment Stone Wall x1 |
| 19:31 | Jesus_was_black · wall_segment Stone Wall x1 |
| 19:31 | emN · wall_segment Palisade Wall x12 |
| 19:32 | deju30 · first_building Siege Workshop |
| 19:36 | Jesus_was_black · age_up castle |
| 19:44 | Woad Raider · first_building Monastery |
| 21:11 | Jesus_was_black · wall_segment Stone Wall x12 |
| 21:24 | emN · wall_segment Palisade Wall x3 |
| 21:31 | Jesus_was_black · wall_segment Stone Wall x1 |
| 21:33 | Jesus_was_black · wall_segment Stone Wall x1 |
| 21:35 | Jesus_was_black · wall_segment Stone Wall x1 |
| 22:00 | Jesus_was_black · first_building Siege Workshop |
| 22:13 | emN · age_up castle |
| 22:33 | Jesus_was_black · first_building Castle |
| 23:19 | Jesus_was_black · wall_segment Stone Wall x1 |
| 23:19 | [AJJRR] Minillop · first_market_buy 100 food |
| 24:17 | emN · first_market_buy 100 food |
| 24:57 | Jesus_was_black · wall_segment Stone Wall x1 |
| 24:59 | Jesus_was_black · wall_segment Stone Wall x1 |
| 25:02 | Jesus_was_black · wall_segment Stone Wall x7 |
| 25:39 | emN · first_market_sell 100 stone |
| 29:03 | MisterGabby · first_building Barracks |
| 29:54 | emN · wall_segment Palisade Wall x11 |
| 30:25 | MisterGabby · first_market_buy 100 food |
| 33:48 | emN · first_building Siege Workshop |
| 36:54 | MisterGabby · resign |
[ AI ANALYSIS · 1 CREDIT ]
What really happened in this match?
Wolo.gg analyzes every decision: build order, eco, micro, common mistakes by bracket. Personalized analysis on WhatsApp or Discord in 30 seconds.
Civ guide
Poles
Perfil
[AJJRR] Minillop